 Dungeon Crawl Stone Soup version 0.22-a0-608-g8a62e23 (webtiles) character file.

642 Mamutox the Cudgeler (level 7, 0/66 HPs)
             Began as a Troll Fighter on July 9, 2018.
             Was a Follower of Okawaru.
             Slain by a worker ant (3 damage)
             ... on level 4 of the Dungeon.
             The game lasted 00:14:10 (4445 turns).

Mamutox the Cudgeler (Troll Fighter)                Turns: 4445, Time: 00:14:11

Health: 0/66       AC:  5    Str: 25    XL:     7   Next: 26%
Magic:  15/15      EV:  9    Int:  9    God:    Okawaru [*.....]
Gold:   272        SH: 10    Dex: 11    Spells: 6/6 levels left

rFire    . . .     SeeInvis .   a - +0 flail
rCold    . . .     Gourm    +   c - +1 shield
rNeg     . . .     Faith    .   b - +0 robe
rPois    .         Spirit   .   (helmet restricted)
rElec    .         Reflect  .   (no cloak)
rCorr    .         Harm     .   (gloves unavailable)
MR       .....                  (boots unavailable)
Stlth    +.........             x - amulet of magic regeneration
HPRegen  0.61/turn              g - ring of magical power
MPRegen  0.39/turn              i - +5 ring of intelligence

@: lethally poisoned (0 -> -6)
A: large, unfitting armour, claws 3, fast metabolism 3, gourmand, regeneration
1, shaggy fur 1, tough skin 2
a: Heroism, Renounce Religion


You were on level 4 of the Dungeon.
You worshipped Okawaru.
Okawaru was aware of your devotion.
You were not hungry.

You visited 1 branch of the dungeon, and saw 5 of its levels.

You collected 272 gold pieces.

Inventory:

Hand Weapons
 a - a +0 flail (weapon)
Missiles
 q - 12 poisoned needles
Armour
 b - a +0 robe (worn)
 c - a +1 shield (worn)
Jewellery
 g - a ring of magical power (left claw)
 i - a +5 ring of intelligence (right claw)
 r - a +5 ring of evasion {unknown}
 x - an amulet of magic regeneration (around neck)
Wands
 o - a wand of polymorph (2)
Scrolls
 e - a scroll of immolation
 k - 4 scrolls of teleportation
 l - 2 scrolls of fog
 n - a scroll of blinking {unknown}
 s - 2 scrolls of enchant armour
 v - a scroll of enchant weapon {unknown}
 w - a scroll of remove curse
Potions
 d - 3 potions of might
 h - 2 potions of berserk rage
 j - 2 potions of brilliance
 m - a potion of cancellation {unknown}
 p - a potion of magic {unknown}
 t - a potion of resistance {unknown}
 u - 2 potions of curing {unknown}
Comestibles
 f - 8 rations


   Skills:
 - Level 2.4 Fighting
 * Level 6.2 Maces & Flails
 - Level 2.4 Dodging
 + Level 4.4 Shields


You had 6 spell levels left.
You didn't know any spells.
Your spell library contained the following spells:

 Spells                   Type           Power        Failure   Level  Hunger
 Magic Dart               Conj           #...         71%         1    ##.....
 Conjure Flame            Conj/Fire      #.......     97%         3    ####...
 Slow                     Hex            #.......     85%         2    ###....
 Mephitic Cloud           Conj/Pois/Air  #.......     97%         3    ####...
 Blink                    Tloc           N/A          85%         2    ###....
 Call Imp                 Summ           #.......     85%         2    ###....


Dungeon Overview and Level Annotations

Branches:
Dungeon (5/15)
 Temple: D:4-7

Altars:
Ashenzari
Fedhas
Nemelex Xobeh
Okawaru


Innate Abilities, Weirdness & Mutations

You are too large for most types of armour.
You have claws for hands.
Your metabolism is lightning-fast.
You like to eat raw meat.
Your natural rate of healing is unusually fast.
You are covered in fur. (AC +1)
You have very tough skin. (AC +2)


Message History

The worker ant poisons you! The hound closely misses you.
The worker ant bites you but does no damage.
The hound bites you.
* * * LOW HITPOINT WARNING * * *
You hit the worker ant.
The worker ant is almost dead.
You feel sick. You block the hound's attack.
The worker ant bites you but does no damage.
The hound bites you but does no damage.
You closely miss the worker ant.
The worker ant is almost dead.
You feel sick. The worker ant bites you!
* * * LOW HITPOINT WARNING * * *
The hound closely misses you. The worker ant bites you.
* * * LOW HITPOINT WARNING * * *
You barely miss the worker ant.
The worker ant is almost dead.
* * * LOW HITPOINT WARNING * * *
You feel sick. You block the hound's attack. The worker ant bites you.
You die...

.........#...............###
...###.....................##
.### #................##....###
.# ##...#...........####....## ##
#..###..........# ##....## .#
##..# #..........# ###..>. .##
#..## #.........## ##...
..####..# ##........# ##...
...##...# ##...@....## #...#
........## #...a.h....### ##...#
....##...###............####...##
#######...##..................##
# ##..............<........##
##.......................#
##......................#
#............##.........
##..........#####........


You could see a hound and a worker ant.

Vanquished Creatures
  Duvessa (D:4)
  An ice beast (D:5)
  A centaur (D:5)
  Dowan (D:3)
  An orc wizard (D:4)
  Jessica (D:2)
  An iguana (D:4)
  Ijyb (D:4)
  A worker ant (D:4)
  4 gnolls (D:4)
  6 adders
  2 oozes
  8 dart slugs
  2 leopard geckos
  5 orcs
  5 bats
  6 giant cockroaches
  5 hobgoblins
  4 jackals (D:1)
  5 kobolds
  A quokka (D:2)
  A ball python (D:2)
  A frilled lizard (D:2)
  6 goblins
  11 rats
81 creatures vanquished.

Notes
Turn   | Place    | Note
-------+----------+-------------------------------------------
     0 | D:1      | Mamutox the Troll Fighter began the quest for the Orb.
     0 | D:1      | Reached XP level 1. HP: 22/22 MP: 0/0
    23 | D:1      | Reached skill level 2 in Maces & Flails
   105 | D:1      | Reached XP level 2. HP: 21/29 MP: 1/1
   695 | D:1      | Reached XP level 3. HP: 36/36 MP: 2/2
   717 | D:1      | Found a sparkling altar of Nemelex Xobeh.
   829 | D:1      | Reached skill level 3 in Maces & Flails
  1188 | D:2      | Noticed Jessica
  1202 | D:2      | Killed Jessica
  1202 | D:2      | Reached XP level 4. HP: 22/44 MP: 3/3
  1937 | D:3      | Reached skill level 4 in Maces & Flails
  2077 | D:3      | Reached XP level 5. HP: 50/50 MP: 4/4
  2631 | D:3      | Found a shattered altar of Ashenzari.
  2645 | D:3      | Found an iron altar of Okawaru.
  2792 | D:3      | Became a worshipper of Warmaster Okawaru
  2866 | D:4      | Noticed Dowan
  2868 | D:4      | Noticed Duvessa
  3059 | D:4      | Noticed Ijyb
  3110 | D:4      | Killed Ijyb
  3399 | D:4      | Reached XP level 6. HP: 22/59 MP: 5/5
  3603 | D:4      | Killed Duvessa
  3603 | D:4      | Reached skill level 5 in Maces & Flails
  3693 | D:3      | Killed Dowan
  3693 | D:3      | Reached * piety under Okawaru
  4406 | D:5      | Entered Level 5 of the Dungeon
  4406 | D:5      | Noticed an ice beast
  4410 | D:5      | Reached XP level 7. HP: 47/66 MP: 6/6
  4414 | D:5      | Reached skill level 6 in Maces & Flails
  4417 | D:5      | Found a blossoming altar of Fedhas.
  4445 | D:4      | HP: 3/66 [poisoned by a worker ant]
  4445 | D:4      | Slain by a worker ant

Vault maps used:
D:1:      dpeg_arrival_prison, nemelex_xobeh_ov_fountains_minmay
D:2:      first_ration, minmay_stone_trees_medium, minmay_misc_feat_nine_boxes,
          uniq_jessica
D:3:      lemuel_round_altar, lemuel_doored_altar, serial_forest,
          infiniplex_forest_clump_tiny, infiniplex_forest_corner_1,
          infiniplex_forest_pool, infiniplex_forest_straight_4,
          infiniplex_forest_straight_2, infiniplex_forest_diagonal,
          hangedman_decor_slide_cut
D:4:      uniq_ijyb, uniq_duvessa
D:5:      lemuel_crystal_altar, elyvilon_altar_4

Skill      XL: |  1  2  3  4  5  6  7 |
---------------+----------------------+-----
Maces & Flails | 2 3 4 5 6 |  6.2
Shields        | 3 4 |  4.4
Fighting       | |  2.4
Dodging        | |  2.4

Action                   |  1- 3 |  4- 6 |  7- 9 || total
-------------------------+-------+-------+-------++-------
Melee: Flail             |   123 |   217 |    21 ||   361
       Unarmed           |       |     9 |       ||     9
Invok: Heroism           |       |       |     1 ||     1
  Use: Scroll            |       |    10 |       ||    10
 Stab: Sleeping          |     2 |     3 |       ||     5
  Eat: Chunk             |    17 |    24 |       ||    41
Armor: Robe              |    40 |    63 |    11 ||   114
       Skin              |       |     2 |       ||     2
Dodge: Dodged            |    47 |    60 |    16 ||   123
Block: Shield            |    65 |   108 |    19 ||   192

Table legend:
 A = Spawn XP
 B = Non-spawn XP
 C = Spawn XP percentage of total XP
 D = Spawn monster count
 E = Non-spawn monster count
 F = Spawn count percentage of total count
 G = Total turns spent on level
                    A         B        C        D         E        F      G
               +---------+---------+-------+---------+---------+-------+---------
         Total |       0 |     918 |   0.0 |       0 |      81 |   0.0 |  4445
               +---------+---------+-------+---------+---------+-------+---------
           D:1 |       0 |      60 |   0.0 |       0 |      29 |   0.0 |  1066
           D:2 |       0 |     118 |   0.0 |       0 |      22 |   0.0 |   824
           D:3 |       0 |     146 |   0.0 |       0 |      15 |   0.0 |  1006
           D:4 |       0 |     360 |   0.0 |       0 |      13 |   0.0 |  1519
           D:5 |       0 |     234 |   0.0 |       0 |       2 |   0.0 |    30
               +---------+---------+-------+---------+---------+-------+---------
